 Dungeon Crawl Stone Soup version 0.17-a0-2098-gf59d6bc (webtiles) character file.

98263 derrpe the Fencer (level 15, -5/135 HPs)
             Began as a Mottled Draconian Skald on Oct 17, 2015.
             Was a High Priest of Okawaru.
             Slain by a red devil
             ... wielding a +0 trident
             ... summoned by an orc sorcerer
              (6 damage)
             ... while paralysed by an orc sorcerer
             ... on level 4 of the Orcish Mines.
             The game lasted 01:34:13 (33743 turns).

derrpe the Fencer (Mottled Draconian Skald)        Turns: 33743, Time: 01:34:13

Health: -5/135     AC: 13    Str: 18    XL:     15   Next: 74%
Magic:  19/24      EV:  2    Int: 20    God:    Okawaru [*****.]
Gold:   1646       SH:  0    Dex: 10    Spells: 8 memorised, 6 levels left

rFire  . . .     SeeInvis +     b - +9 great sword "Uddeween" {slice, rPois}
rCold  + . .     Clarity  .     (armour unavailable)
rNeg   . . .     SustAt   .     (no shield)
rPois  +         Gourm    .     s - +0 hat of Nyijucw {rElec Str+2 Dex-2 SInv}
rElec  +         Spirit   .     (no cloak)
rCorr  .         Warding  .     X - +0 pair of gloves
rMut   .         Stasis   .     p - +2 pair of boots {run}
MR     +....                    O - amulet of faith
Stlth  +.........               y - ring of protection from cold
                                z - +6 ring of evasion

@: paralysed, singing, repel missiles, drained, quick, somewhat resistant to
hostile enchantments, very unstealthy
A: breathe sticky flame splash, unfitting armour, agile 1, clever 1,
regeneration 1, cold-blooded, AC +9
a: Breathe Sticky Flame, Heroism, Finesse, Renounce Religion, Stop Singing


You were on level 4 of the Orcish Mines.
You worshipped Okawaru.
Okawaru was extremely pleased with you.
You were hungry.

You visited 4 branches of the dungeon, and saw 26 of its levels.
You also visited: Ossuary, Ice Cave and Volcano.

You collected 2486 gold pieces.
You spent 840 gold pieces at shops.

Inventory:

Hand Weapons
 a - a +3 scimitar of flaming
 b - the +9 great sword "Uddeween" (weapon) {slice, rPois}
   (Okawaru gifted it to you on level 3 of the Lair of Beasts)

   It inflicts extra damage upon your enemies.
   It protects you from poison.
Missiles
 e - 644 stones (quivered)
 l - 6 exploding tomahawks
 G - 3 javelins of returning
 H - 18 tomahawks
 J - a throwing net {=f}
 L - 17 poisoned needles
 V - 7 needles of sleeping
 W - 5 javelins
Armour
 p - a +2 pair of boots of running (worn)
 s - the +0 hat of Nyijucw (worn) {rElec Str+2 Dex-2 SInv}
   (Okawaru gifted it to you on level 8 of the Lair of Beasts)

   It affects your strength (+2).
   It affects your dexterity (-2).
   It insulates you from electricity.
   It lets you see invisible.
 R - a +2 shield of protection
 X - a +0 pair of gloves (worn)
Jewellery
 g - an uncursed ring of wizardry
 i - an uncursed ring of protection from fire
 o - an uncursed amulet of clarity
 v - an uncursed ring of teleportation
 y - a ring of protection from cold (right hand)
 z - a +6 ring of evasion (left hand)
 A - an uncursed amulet of rage {unknown}
 O - an amulet of faith (around neck)
Wands
 j - a wand of cold (9)
 M - a wand of fire (7)
 T - a wand of cold (8)
Scrolls
 d - 13 scrolls of teleportation
 h - a scroll of enchant armour
 n - 8 scrolls of remove curse
 q - a scroll of blinking
 x - 8 scrolls of recharging
 B - a scroll of enchant weapon
 K - a scroll of identify
 P - 3 scrolls of magic mapping
Potions
 f - 4 potions of flight
 k - 3 potions of resistance
 m - 5 potions of agility
 r - 5 potions of magic
 t - 4 potions of haste
 u - a potion of heal wounds
 w - 3 potions of cure mutation
 C - 4 potions of brilliance
 D - 5 potions of curing
 I - 5 potions of might
 Q - 2 potions of cancellation
Books
 S - a book of Enchantments

   Spells                             Type                      Level
   a - Cause Fear                     Hexes                        4
   b - Silence                        Hexes/Air                    5
   c - Deflect Missiles               Charms/Air                   6
   d - Haste                          Charms                       6
   e - Discord                        Hexes                        8
Comestibles
 c - 9 bread rations {@e1}
 E - 3 chunks of flesh {@w0}
 F - 8 meat rations {@e2}
 U - 34 fruits


   Skills:
 + Level 13.1(11.9) Fighting
 * Level 16.2(14.9) Long Blades
 - Level 2.2(1.4) Throwing
 + Level 10.9(9.8) Dodging
 * Level 6.2(5.2) Spellcasting
 + Level 11.0(9.9) Charms
 - Level 10.2(9.1) Invocations


You had 6 spell levels left.
You knew the following spells:

 Your Spells              Type           Power        Failure   Level  Hunger
b - Shroud of Golubria    Chrm/Tloc      ####......   2%          2    None
c - Repel Missiles        Chrm/Air       ####..       2%          2    None
d - Apportation           Tloc           #.........   14%         1    None
e - Blink                 Tloc           N/A          21%         2    None
f - Cure Poison           Pois           #.........   21%         2    None
g - Song of Slaying       Chrm           #####...     1%          2    None
h - Haste                 Chrm           #####...     34%         6    #######
r - Regeneration          Chrm/Necr      ####......   6%          3    ##.....


Dungeon Overview and Level Annotations

Branches:
Dungeon (13/15)            Temple (1/1) D:6            Lair (8/8) D:11
 Shoals (0/4) Lair:5        Snake (0/4) Lair:6        Slime (0/6) Lair:7
    Orc (4/4) D:12            Elf (0/3) Orc:3
 Vaults: D:13-14

Altars:
Ashenzari
Cheibriados
Dithmenos
Elyvilon
Fedhas
Gozag
Kikubaaqudgha
Makhleb
Nemelex Xobeh
Okawaru
Qazlal
Ru
Sif Muna
Trog
Vehumet
Xom
Yredelemnul
Zin
The Shining One
Beogh

Shops:
D:11 *   Orc:4 [

Annotations:
Lair:1 exclusion: oklob plant
Lair:7 exclusion: 3 oklob plants


Innate Abilities, Weirdness & Mutations

You can spit globs of burning liquid.
You can ignite nearby creatures when you spit burning liquid.
Your weird mottled scales are hard (AC +9).
Your body does not fit into most forms of armour.
You are cold-blooded and may be slowed by cold attacks.
You are agile. (Dex +2)
Your mind is acute. (Int +2)
Your natural rate of healing is unusually fast.


Message History

The orc warrior hits you but does no damage.
The orc sorcerer hits you but does no damage.
The red devil hits you from afar with a trident!
* * * LOW HITPOINT WARNING * * *
An orc warrior and an orc wizard come into view.
The orc warrior hits you but does no damage.
The orc sorcerer hits you with a dagger.
* * * LOW HITPOINT WARNING * * *
The red devil hits you from afar with a trident.
* * * LOW HITPOINT WARNING * * *
An orc high priest comes into view. It is wielding an enchanted war axe.
The orc high priest shouts!
The red devil hits you from afar with a trident!
* * * LOW HITPOINT WARNING * * *
An orc knight comes into view. It is wielding a halberd.
The orc wizard moves out of view.
The orc warrior hits you with a long sword.
* * * LOW HITPOINT WARNING * * *
The red devil hits you from afar with a trident.
You die... ##..######.#.. .∩# ##....#.####... ..# #....#....#.... ##.. #....#.....#... ooo

#...#.......#.. #o4
#.............. ..
##4o###.............. ...
#oooo##.............. #.#
#@##.............. #.#
##)##.............. #.#
##..##.............. #.#
###..###..............
...####.####...## #..............
#...........### #.........[)...
######.###### #..........)...
#######.###########..............
.................................


You could see 3 orc knights, an orc high priest, a sixfirhy, 2 orc sorcerers, a
red devil, 2 orc warriors and an orc priest (frenzied).

Vanquished Creatures
  Rupert (Orc:3)
  Frances (D:12)
  Kirke (D:12)
  Maud (D:11)
  Nessos (Lair:6)
  Josephine (Orc:3)
  Fannar (D:12)
  3 catoblepae (Lair:8)
  Harold (Orc:1)
  4 hydras
  Erica (D:9)
  22 death yaks
  A queen ant (Lair:5)
  An orc high priest (Orc:4)
  Urug (Lair:4)
  An ice devil (IceCv)
  2 fire crabs (Lair:8)
  3 unseen horrors
  A lindwurm (Volcano)
  2 ice statues (IceCv)
  A necromancer (IceCv)
  An orc sorcerer (Orc:4)
  An ugly thing (D:12)
  2 manticores
  4 griffons
  3 hill giants
  A cyclops (D:12)
  16 elephants
  The ghost of 4thArraOfDagon the Chopper, a novice DDBe of Trog (D:7)
  9 black mambas
  Joseph (D:7)
  A centaur zombie (D:13)
  A torpor snail (Lair:8)
  A centaur skeleton (D:10)
  2 molten gargoyles (Volcano)
  4 gargoyles
  16 spiny frogs
  4 komodo dragons
  A kobold demonologist (D:12)
  5 trolls
  2 fire drakes
  6 blue devils (IceCv)
  2 two-headed ogres
  Prince Ribbit (D:7)
  8 blink frogs
  3 wraiths (Orc:3)
  A human (D:8)
  2 spriggans (Lair:5)
  Sigmund (D:5)
  2 deep elf magi
  3 hogs
  61 yaks
  3 fire bats (Lair:4)
  2 wyverns
  2 hungry ghosts
  5 basilisks
  21 wolves
  7 vampire mosquitoes
  11 hippogriffs
  3 fire elementals (Volcano)
  4 wargs (D:11)
  4 nagas (Lair:6)
  5 soldier ants (Lair:5)
  Duvessa (D:7)
  3 sky beasts
  13 orc warriors
  2 wasps
  22 water moccasins
  12 ice beasts
  A necrophage (D:6)
  2 black bears
  13 porcupines
  18 ogres
  2 centaurs
  13 crocodiles
  A big kobold (D:10)
  18 giant frogs
  Dowan (D:7)
  2 water moccasin zombies (Ossuary)
  A water moccasin skeleton (D:11)
  9 scorpions
  3 electric eels
  9 killer bees
  A lava snake (Lair:3)
  17 wights
  A draconian simulacrum (IceCv)
  4 crimson imps
  A giant frog zombie (D:12)
  2 giant frog skeletons
  A jelly (D:12)
  2 quasits
  5 hounds
  17 orc priests
  Terence (D:2)
  A troll simulacrum (IceCv)
  11 orc wizards
  A spriggan simulacrum (IceCv)
  A killer bee zombie (D:8)
  40 worker ants
  27 sheep
  6 iguanas
  2 big kobold zombies (Ossuary)
  2 centaur simulacra (IceCv)
  A hound zombie (D:8)
  3 hound skeletons
  2 mummies (Ossuary)
  Robin (D:2)
  14 adders
  4 gnolls (D:3)
  5 ogre simulacra (IceCv)
  39 river rats
  5 shadow imps
  6 oozes
  4 worms
  3 adder zombies (Ossuary)
  7 giant geckos
  123 orcs
  5 ball pythons
  9 bats
  3 gnoll zombies (Ossuary)
  6 hobgoblins
  13 kobolds
  4 giant cockroaches
  7 giant newts
  18 goblins
  2 hobgoblin zombies (Ossuary)
  19 jackals
  5 kobold zombies (Ossuary)
  3 orc zombies (Ossuary)
  6 quokkas
  A quokka zombie (D:8)
  6 rats
  A fire vortex (Volcano)
  A fungus (Lair:4)
  7 plants
906 creatures vanquished.

Vanquished Creatures (collateral kills)
  A trapdoor spider (D:10)
  A yak (D:10)
  A killer bee (D:10)
3 creatures vanquished.

Vanquished Creatures (others)
  A human (D:12)
  An orc (D:12)
  A quokka (D:2)
  A goblin (D:2)
  A kobold zombie (Ossuary)
  21 fungi
  9 plants
35 creatures vanquished.

Grand Total: 944 creatures vanquished

Notes
Turn   | Place    | Note
--------------------------------------------------------------
     0 | D:1      | derrpe the Draconian Skald began the quest for the Orb.
     0 | D:1      | Reached XP level 1. HP: 17/17 MP: 3/3
   331 | D:1      | Reached XP level 2. HP: 24/24 MP: 1/5
  1230 | D:1      | Learned a level 2 spell: Shroud of Golubria
  1298 | D:2      | Noticed Terence
  1507 | D:2      | Found a white marble altar of Elyvilon.
  1518 | D:2      | Reached skill level 3 in Long Blades
  1518 | D:2      | Reached XP level 3. HP: 28/30 MP: 2/6
  1597 | D:2      | Noticed Robin
  1657 | D:2      | Learned a level 3 spell: Regeneration
  2233 | D:2      | Killed Terence
  2233 | D:2      | Reached XP level 4. HP: 18/37 MP: 0/7
  2624 | D:2      | Killed Robin
  3133 | D:3      | Reached XP level 5. HP: 21/45 MP: 4/8
  3468 | D:3      | Reached skill level 4 in Long Blades
  4540 | D:4      | Reached XP level 6. HP: 49/51 MP: 9/9
  4848 | D:4      | Found a sand-covered staircase.
  4891 | Ossuary  | Entered an ossuary
  5136 | Ossuary  | Reached skill level 5 in Long Blades
  5437 | Ossuary  | Your scales start taking on a weird mottled colour.
  5437 | Ossuary  | Reached XP level 7. HP: 59/59 MP: 10/10
  5547 | D:4      | You fall through a shaft!
  5547 | D:5      | Entered Level 5 of the Dungeon
  5887 | D:5      | Noticed a deep elf mage
  5909 | D:5      | Killed a deep elf mage
  6140 | D:5      | Reached skill level 6 in Long Blades
  6503 | D:5      | Reached XP level 8. HP: 44/67 MP: 11/11
  7026 | D:5      | Reached skill level 5 in Fighting
  7066 | D:5      | Noticed Sigmund
  7072 | D:5      | Killed Sigmund
  7089 | D:5      | Reached skill level 7 in Long Blades
  7089 | D:5      | Reached skill level 5 in Charms
  7227 | D:4      | Noticed an ogre
  7233 | D:4      | Killed an ogre
  8368 | D:6      | Reached XP level 9. HP: 72/75 MP: 12/12
  8373 | D:6      | Reached skill level 8 in Long Blades
  8689 | D:6      | Found a staircase to the Ecumenical Temple.
  8730 | D:6      | Reached skill level 5 in Dodging
  8749 | Temple   | Entered the Ecumenical Temple
  8854 | Temple   | Became a worshipper of Warmaster Okawaru
  9097 | D:7      | Noticed Prince Ribbit
  9231 | D:7      | Killed Prince Ribbit
  9245 | D:7      | Reached skill level 9 in Long Blades
  9295 | D:7      | Reached * piety under Okawaru
  9426 | D:7      | Noticed 4thArraOfDagon's ghost (novice DDBe)
  9458 | D:7      | Killed 4thArraOfDagon's ghost
  9754 | D:7      | Reached XP level 10. HP: 79/86 MP: 13/13
  9760 | D:7      | Noticed Joseph
  9772 | D:7      | HP: 4/86 [Joseph/uncursed quarterstaff (7)]
  9773 | D:7      | Killed Joseph
  9773 | D:7      | Reached ** piety under Okawaru
 10088 | D:7      | Noticed Duvessa
 10120 | D:7      | Killed Duvessa
 10125 | D:7      | Noticed Dowan
 10129 | D:7      | Killed Dowan
 10430 | D:7      | Learned a level 1 spell: Apportation
 10433 | D:7      | Learned a level 2 spell: Blink
 10521 | D:7      | Reached skill level 10 in Long Blades
 10910 | D:8      | Learned a level 2 spell: Cure Poison
 11315 | D:8      | Reached *** piety under Okawaru
 11654 | D:8      | Learned a level 2 spell: Song of Slaying
 12231 | D:9      | Reached **** piety under Okawaru
 12553 | D:9      | Noticed Erica
 12565 | D:9      | Killed Erica
 12565 | D:9      | Reached skill level 11 in Long Blades
 12711 | D:9      | Reached XP level 11. HP: 57/95 MP: 11/14
 12968 | D:9      | Reached ***** piety under Okawaru
 13384 | D:9      | Gained mutation: Your natural rate of healing is unusually fast. [potion of beneficial mutation]
 13407 | D:10     | Entered Level 10 of the Dungeon
 13741 | D:10     | Noticed Maud
 13986 | D:10     | Noticed a hill giant
 13993 | D:10     | Killed a hill giant
 14014 | D:10     | Received a gift from Okawaru
 14030 | D:10     | Identified a +0 pair of boots of running (Okawaru gifted it to you on level 10 of the Dungeon)
 14666 | D:10     | Paralysed by a wasp for 1 turns
 14668 | D:10     | Noticed a hill giant
 14701 | D:10     | Killed a hill giant
 15060 | D:10     | Noticed an unseen horror
 15998 | D:11     | Reached skill level 12 in Long Blades
 16204 | D:11     | HP: 2/97 [Maud/eveningstar of flaming (5)]
 16215 | D:11     | Killed Maud
 16991 | D:11     | Found Tuwk's General Store.
 17133 | D:11     | Reached XP level 12. HP: 93/106 MP: 15/15
 17376 | D:11     | Reached skill level 10 in Fighting
 17682 | D:11     | Found a staircase to the Lair.
 18014 | Lair:1   | Entered Level 1 of the Lair of Beasts
 18134 | Lair:1   | Noticed a five-headed hydra
 18153 | Lair:1   | Reached ****** piety under Okawaru
 18160 | Lair:1   | Reached skill level 1 in Invocations
 18171 | Lair:1   | Killed a two-headed hydra
 18207 | Lair:1   | Received a gift from Okawaru
 20038 | Lair:3   | Reached skill level 13 in Long Blades
 20280 | Lair:3   | Received a gift from Okawaru
 20283 | Lair:3   | Got a sapphire great sword {god gift}
 20284 | Lair:3   | Identified the +9 great sword "Uddeween" {slice, rPois} (Okawaru gifted it to you on level 3 of the Lair of Beasts)
 20796 | Lair:4   | Reached skill level 5 in Invocations
 20883 | Lair:4   | Found a dark tunnel.
 20900 | Volcano  | Entered a volcano
 21213 | Volcano  | Reached XP level 13. HP: 102/114 MP: 17/17
 21345 | Lair:4   | Noticed an eight-headed hydra
 21369 | Lair:4   | Killed a one-headed hydra
 21369 | Lair:4   | Received a gift from Okawaru
 21790 | Lair:4   | Noticed Urug
 21812 | Lair:4   | Killed Urug
 22868 | Lair:5   | Received a gift from Okawaru
 22873 | Lair:5   | Reached skill level 14 in Long Blades
 23088 | Lair:5   | Found a staircase to the Shoals.
 23625 | Lair:6   | Reached skill level 10 in Charms
 23632 | Lair:6   | Noticed Nessos
 23653 | Lair:6   | Killed Nessos
 23784 | Lair:6   | Found a staircase to the Snake Pit.
 24844 | Lair:7   | Reached XP level 14. HP: 67/125 MP: 11/20
 24866 | Lair:7   | Received a gift from Okawaru
 25131 | Lair:7   | Received a gift from Okawaru
 25338 | Lair:7   | Found a staircase to the Slime Pits.
 25759 | Lair:8   | Entered Level 8 of the Lair of Beasts
 25805 | Lair:8   | Reached skill level 10 in Dodging
 25986 | Lair:8   | Received a gift from Okawaru
 26123 | Lair:8   | Reached skill level 15 in Long Blades
 26145 | Lair:8   | Received a gift from Okawaru
 26145 | Lair:8   | Reached skill level 10 in Invocations
 26157 | Lair:8   | Got a twisted hat {god gift}
 26164 | Lair:8   | Identified the +0 hat of Nyijucw {rElec Str+2 Dex-2 SInv} (Okawaru gifted it to you on level 8 of the Lair of Beasts)
 27014 | Lair:8   | HP: 5/127 [death yak (12)]
 27182 | Lair:8   | Learned a level 6 spell: Haste
 27758 | Lair:8   | Received a gift from Okawaru
 27762 | Lair:8   | Reached XP level 15. HP: 72/134 MP: 16/22
 27775 | Lair:8   | Received a gift from Okawaru
 28669 | Lair:8   | Learned a level 2 spell: Repel Missiles
 28844 | D:11     | Bought 2 potions of beneficial mutation for 840 gold pieces
 28844 | D:11     | Gained mutation: You are agile. (Dex +2) [potion of beneficial mutation]
 28845 | D:11     | Gained mutation: Your mind is acute. (Int +2) [potion of beneficial mutation]
 29183 | D:10     | Killed an unseen horror
 29625 | D:12     | Found a staircase to the Orcish Mines.
 29633 | D:12     | Noticed Kirke
 29948 | D:12     | Killed Kirke
 29948 | D:12     | Reached skill level 5 in Spellcasting
 29959 | D:12     | Found a roughly hewn altar of Beogh.
 29963 | D:12     | Reached skill level 1 in Throwing
 30171 | D:12     | Noticed Fannar
 30194 | D:12     | Killed Fannar
 30367 | D:12     | Noticed Frances
 30393 | D:12     | Killed Frances
 30536 | D:13     | Reached skill level 16 in Long Blades
 30572 | Orc:1    | Entered Level 1 of the Orcish Mines
 30826 | Orc:1    | Noticed Harold
 30837 | Orc:1    | Killed Harold
 30843 | Orc:1    | Received a gift from Okawaru
 30886 | Orc:1    | Found a shimmering altar of Xom.
 31179 | Orc:2    | Found a frozen archway.
 31223 | IceCv    | Entered an ice cave
 31621 | Orc:2    | Found a roughly hewn altar of Beogh.
 31934 | Orc:3    | Noticed Rupert
 32067 | Orc:3    | Found a staircase to the Elven Halls.
 32254 | Orc:3    | Noticed Josephine
 32270 | Orc:3    | Killed Josephine
 33175 | Orc:3    | Killed Rupert
 33335 | Orc:4    | Entered Level 4 of the Orcish Mines
 33716 | Orc:4    | Found Picwiny's Armour Boutique.
 33737 | Orc:4    | Paralysed by an orc sorcerer for 7 turns
 33742 | Orc:4    | HP: 3/135 [red devil/trident[an orc sorcerer] (16)]
 33743 | Orc:4    | HP: 1/135 [orc warrior/long sword (2)]
 33743 | Orc:4    | Slain by a red devil

Vault maps used:
D:1:      sevenhm_arrival_forest_fort_small_4, minivault_5, minivault_23
D:2:      elyvilon_altar_4, hangedman_decor_points, uniq_terence, uniq_robin
D:3:      first_bread
D:4:      nicolae_ossuary_entry_false_entrances, tgw_xom
D:5:      uniq_sigmund
D:6:      minmay_temple_entry_statues_pillars
D:7:      uniq_duvessa, uniq_prince_ribbit1, uniq_joseph
D:8:      grunt_livestock, kennysheep_generic_room_6
D:9:      uniq_erica
D:10:     uniq_maud
D:11:     lair_0_dummy, serial_shops, shop, nooodl_orcs_dogs
D:12:     minmay_orc_entry_temple_small, uniq_frances, uniq_fannar, uniq_kirke
Temple:   grunt_circular_temple_18
Lair:1:   minmay_lair_oklob_tunnel, serial_bayou_ford_a
Lair:4:   nicolae_volcano_entry_batcave, serial_bayou_shore_a, uniq_urug
Lair:5:   wad_woods_tower, minmay_shoals_entry_beasts, minivault_24,
          columned_hall_lemuel, zaba_antful_of_joy
Lair:6:   guppyfry_snake_entry_garden, kennysheep_basilisk_garden,
          lemuel_fruit_tree, uniq_nessos
Lair:7:   minmay_slime_entry_oklob_enclosed
Lair:8:   evilmike_catoblepas_cave, grunt_megastairs_2, lemuel_fruit_fields,
          serial_bayou_shore_b
Orc:1:    basic_altar, uniq_harold
Orc:2:    nicolae_orc_accident_1, portal_ice_cave_entry_ice_beasts, basic_altar
Orc:3:    nicolae_orc_pool_cavern, nicolae_orc_stony_grotto, uniq_josephine,
          uniq_rupert
Orc:4:    st_orc_elflike, uniq_donald
Ossuary:  ossuary_tomb_2
IceCv:    ice_cave_tombish
Volcano:  volcano_aerie

Action                   |  1- 3 |  4- 6 |  7- 9 | 10-12 | 13-15 || total
-------------------------+-------+-------+-------+-------+-------++-------
Melee: Falchion          |    65 |       |    21 |       |       ||    86
       Dagger            |    31 |   258 |   268 |       |       ||   557
       Long sword        |       |       |    19 |       |       ||    19
       Great sword       |       |       |     9 |   274 |  1239 ||  1522
       Scimitar          |       |       |       |   397 |    34 ||   431
       Triple sword      |       |       |       |    79 |       ||    79
Throw: Stone             |    56 |    51 |    35 |    41 |   179 ||   362
       Tomahawk          |       |       |       |    62 |     6 ||    68
       Javelin           |       |       |       |       |    82 ||    82
 Cast: Infusion          |    21 |     6 |     2 |    13 |     7 ||    49
       Shroud of Golubri |     3 |     8 |     6 |    25 |    34 ||    76
       Regeneration      |       |       |     4 |    71 |    99 ||   174
       Song of Slaying   |       |       |       |     9 |    27 ||    36
       Cure Poison       |       |       |       |     1 |     1 ||     2
       Repel Missiles    |       |       |       |       |     4 ||     4
Invok: Heroism           |       |       |     1 |     1 |    10 ||    12
       Finesse           |       |       |       |       |     4 ||     4
 Abil: Breathe Sticky Fl |       |       |    30 |    64 |    34 ||   128
Evoke: Wand              |       |     1 |       |    11 |    15 ||    27
  Use: Scroll            |       |     8 |       |    28 |     7 ||    43
       Potion            |       |       |     1 |    15 |     5 ||    21
 Stab: Sleeping          |       |     1 |     1 |       |       ||     2
       Invisible         |       |       |       |     3 |       ||     3
       Petrified         |       |       |       |       |     1 ||     1
       Distracted        |       |       |       |       |     2 ||     2
  Eat: Chunk             |     5 |     9 |    15 |    47 |    48 ||   124
       Pizza             |       |     1 |       |     7 |     4 ||    12
       Meat ration       |       |     1 |       |       |     1 ||     2
       Beef jerky        |       |       |       |     6 |       ||     6
       Fruit             |       |       |       |     1 |       ||     1
       Royal jelly       |       |       |       |     1 |       ||     1
